 Dungeon Crawl Stone Soup version 0.31.0-4-g52a2dc7128 (webtiles) character file.

Game seed: 15482545484343804458

3591 Gottschkopf the Conjurer (level 10, 0/50 HPs)
             Began as a Tengu Alchemist on Jan 23, 2024.
             Was a Believer of Sif Muna.
             Slain by a troll (4 damage)
             ... on level 12 of the Dungeon.
             The game lasted 00:25:57 (7078 turns).

Gottschkopf the Conjurer (Tengu Alchemist)          Turns: 7078, Time: 00:25:58

Health: 0/50       AC:  7    Str:  6    XL:     10   Next: 10%
Magic:  12/18      EV: 33    Int: 24    God:    Sif Muna [**....]
Gold:   384        SH:  0    Dex: 13    Spells: 8/18 levels left

rFire   . . .        g - +1 rapier "Potoje" {venom, rElec}
rCold   . . .        (no shield)
rNeg    . . .        a - +0 robe
rPois   .            F - +0 hat
rElec   +            A - +1 cloak
rCorr   .            i - +0 pair of gloves
SInv    .            (boots unavailable)
Will    .....        y - amulet of faith
Stlth   +++          p - ring of wizardry
HPRegen 0.28/turn    (no ring)
MPRegen 0.16/turn

%: acrobat, faith, wizardry (x1)
@: acrobatic, flying
A: beak, talons 3, evasive flight, acrobatic, iridescent scales 1, clever 1,
weak 1, MP-powered wands
a: Renounce Religion, Channel Magic


You were on level 12 of the Dungeon.
You worshipped Sif Muna.
Sif Muna was pleased with you.
You visited 2 branches of the dungeon, and saw 12 of its levels.
You also visited: Sewer and Bailey.

You collected 458 gold pieces.
You spent 74 gold pieces at shops.

Inventory:

Hand Weapons
 g - the +1 rapier "Potoje" (weapon) {venom, rElec}
   (You took it off a spriggan in a bailey)

   rElec:     It insulates you from electricity.
 x - a +2 dagger of venom
Armour
 a - a +0 robe (worn)
 i - a +0 pair of gloves (worn)
 A - a +1 cloak (worn)
 F - a +0 hat (worn)
Magical Staves
 D - a staff of fire
 I - a staff of earth
Jewellery
 p - a ring of wizardry (left hand)
 y - an amulet of faith (around neck)
Talismans
 j - a serpent talisman
Wands
 f - a wand of iceblast (10)
 C - a wand of polymorph (12)
Scrolls
 e - a scroll of torment {unknown}
 l - 3 scrolls of fear {unknown}
 m - a scroll of vulnerability {unknown}
 n - a scroll of fog {unknown}
 s - a scroll of acquirement {unknown}
 t - a scroll of summoning {unknown}
 v - a scroll of blinking {unknown}
 w - 3 scrolls of teleportation {unknown}
 B - a scroll of revelation {unknown}
 E - 2 scrolls of enchant weapon
 G - a scroll of immolation {unknown}
 H - a scroll of poison {unknown}
Potions
 b - a potion of magic
 c - 2 potions of ambrosia
 d - 3 potions of haste
 h - 6 potions of curing
 k - a potion of invisibility {unknown}
 o - a potion of attraction
 q - a potion of brilliance
 r - 3 potions of heal wounds
 u - 5 potions of resistance
 z - 3 potions of cancellation
 J - 2 potions of might {unknown}


   Skills:
 - Level 3.2 Short Blades
 + Level 6.1 Dodging
 + Level 5.5 Stealth
 * Level 4.9 Spellcasting
 * Level 7.8 Conjurations
 + Level 5.0 Fire Magic
 + Level 5.6 Air Magic
 - Level 6.1 Alchemy


You had 8 spell levels left.
You knew the following spells:

 Your Spells              Type           Power      Damage    Failure   Level
a - Sting                 Conj/Alch      100%       1d9       1%          1
b - Mercury Vapours       Alch/Air       68%        N/A       1%          2
c - Mephitic Cloud        Conj/Alch/Air  37%        N/A       1%          3
d - Sticky Flame          Fire/Alch      32%        2d7       3%          4

Your spell library contained the following spells:

 Spells                   Type           Power      Damage    Failure   Level
 Olgreb's Toxic Radiance  Alch           35%        N/A       2%          4
 Iskenderun's Mystic Bla  Conj/Tloc      24%        2d7       7%          4
 Tukima's Dance           Hex            5%         N/A       11%         3
 Dimensional Bullseye     Hex/Tloc       2%         N/A       32%         4


Dungeon Overview and Level Annotations

Branches:
Dungeon (12/15)            Temple (1/1) D:5           Sewer (visited)
 Bailey (visited)
   Lair: D:8-11         Orc: D:9-12

Altars:
Ashenzari
Cheibriados
Dithmenos
Elyvilon
Fedhas
Gozag
Hepliaklqana
Kikubaaqudgha
Makhleb
Nemelex Xobeh
Okawaru
Qazlal
Sif Muna
Trog
Uskayaw
Wu Jian
Xom
Yredelemnul
Zin
The Shining One

Shops:
D:6 (*:[

Annotations:
D:6 Jeremiah
D:8 Gastronok


Innate Abilities, Weirdness & Mutations

You have a beak for a mouth.
You have claws for feet.
Your magical flight helps you evade attacks. (EV +4)
You can magically evade attacks while moving or waiting.
You are partially covered in iridescent scales. (AC +2)
Your mind is acute. (Int +4, Str/Dex -1)
You are weak. (Str -2)
You expend magic power (3 MP) to strengthen your wands.


Message History

You see here a +0 scale mail.
A troll comes into view.
The troll shouts!
The cyclops shouts!
Casting: Sticky Flame (dangerous; 3% risk of failure)
Confirm with . or Enter, or press ? or * to list all spells.
Aiming: Mephitic Cloud (safe; 1% risk of failure)
Press: ? - help, Shift-Dir - straight line, f - troll
Aim: a troll (chance to affect: 67%)
Okay, then.
Casting: Mephitic Cloud (safe; 1% risk of failure)
Confirm with . or Enter, or press ? or * to list all spells.
Aiming: Mephitic Cloud (safe; 1% risk of failure)
Press: ? - help, Shift-Dir - straight line, p - troll The ball explodes into a vile cloud!
The stinking cloud engulfs the troll.
The troll misses you. x2; The troll claws you.
There is a stone staircase leading down here.
The cyclops throws a large rock.
The large rock hits you!
* * * LOW HITPOINT WARNING * * *
The kobold demonologist looks satisfied for a moment.
The troll bites you!
* * * LOW HITPOINT WARNING * * *
The troll misses you. The troll claws you but does no damage.
You fly downwards.
Found an escape hatch in the floor.
There is a stone staircase leading up here.
Casting: Mephitic Cloud (safe; 1% risk of failure)
Confirm with . or Enter, or press ? or * to list all spells.
Aiming: Sticky Flame (dangerous; 3% risk of failure)
Press: ? - help, Shift-Dir - straight line, f - troll
Aim: a troll The sticky flame hits the troll.
The troll is lightly wounded.
The troll burns!
The troll completely misses you. The troll misses you.
The troll completely misses you.
Found a stone staircase leading down.
The troll burns!
The troll shakes off the sticky flame as it moves.
The troll attacks as it pursues you! The troll completely misses you.
The troll misses you. The troll claws you.
You die...

. #####..
>########.......
...............
.>..........#
............#
.......@T...#
............#
............#
######......#
#......#
#......#
#......#
#......#


You could see a troll.

Vanquished Creatures
  A two-headed ogre (Bailey)
  5 spriggans (Bailey)
  2 vampire mosquitoes
  A steam dragon (Bailey)
  Menkaure (D:4)
  An ice beast (D:6)
  A crocodile (Sewer)
  7 ogres
  A bullfrog (D:7)
  A brain worm (Sewer)
  3 scorpions (D:5)
  3 howler monkeys (D:10)
  4 bombardier beetles
  3 hounds
  2 iguanas
  2 orc wizards
  2 sleepcaps
  10 adders
  4 ufetubi
  2 ribbon worms
  A dart slug (D:2)
  9 orcs
  7 endoplasms
  3 giant cockroaches
  9 goblins
  5 hobgoblins
  5 jackals
  4 quokkas
  4 ball pythons
  7 bats
  4 frilled lizards
  8 kobolds
  5 rats
127 creatures vanquished.

Notes
Turn   | Place    | Note
-------+----------+-------------------------------------------
     0 | D:1      | Gottschkopf the Tengu Alchemist began the quest for the
                  | Orb.
     0 | D:1      | Reached XP level 1. HP: 10/10 MP: 4/4
   145 | D:1      | Reached skill level 2 in Conjurations
   363 | D:1      | Reached XP level 2. HP: 15/15 MP: 0/6
   696 | D:1      | Reached skill level 3 in Conjurations
   905 | D:2      | Reached XP level 3. HP: 13/19 MP: 1/7
  1326 | D:2      | Reached XP level 4. HP: 24/24 MP: 0/8
  1410 | D:2      | Reached skill level 4 in Conjurations
  1485 | D:2      | Found a basalt altar of Yredelemnul.
  1626 | D:2      | Learned a level 2 spell: Mercury Vapours
  1887 | D:3      | Reached skill level 1 in Air Magic
  1912 | D:3      | Learned a level 3 spell: Mephitic Cloud
  2255 | D:3      | Found a glowing drain.
  2288 | Sewer    | Entered a sewer
  2292 | Sewer    | Reached XP level 5. HP: 28/28 MP: 5/9
  2436 | Sewer    | Noticed a crocodile
  2452 | Sewer    | Killed a crocodile
  2453 | Sewer    | Reached skill level 5 in Conjurations
  2453 | Sewer    | Reached XP level 6. HP: 32/32 MP: 1/10
  2834 | D:4      | Found an ornate altar of the Wu Jian Council.
  3397 | D:4      | Noticed Menkaure
  3415 | D:4      | Killed Menkaure
  3416 | D:4      | Reached skill level 1 in Short Blades
  3416 | D:4      | Gained mutation: Your magical flight helps you evade
                  | attacks. (EV +4) [Tengu growth]
  3416 | D:4      | Reached XP level 7. HP: 9/36 MP: 5/12
  3743 | D:5      | Entered Level 5 of the Dungeon
  3963 | D:5      | Found a staircase to the Ecumenical Temple.
  4008 | Temple   | Entered the Ecumenical Temple
  4060 | Temple   | Became a worshipper of Sif Muna the Loreminder
  4409 | D:5      | Reached XP level 8. HP: 41/41 MP: 7/13
  4542 | D:5      | Found a shimmering altar of Xom.
  4548 | D:5      | Found a basalt altar of Yredelemnul.
  4551 | D:5      | Found a glowing silver altar of Zin.
  4767 | D:6      | Reached skill level 1 in Fire Magic
  4773 | D:6      | Learned a level 4 spell: Sticky Flame
  4828 | D:6      | Found Tiberghoy's Book Emporium.
  4828 | D:6      | Found Polomul's Antique Weapon Shoppe.
  4846 | D:6      | Found Dulytil's Armour Shoppe.
  4853 | D:6      | Found Tatreqow's General Store.
  4861 | D:6      | Bought a +0 hat for 48 gold pieces
  4878 | D:6      | Bought a scroll of identify for 26 gold pieces
  4954 | D:6      | Noticed Jeremiah
  4964 | D:6      | Reached * piety under Sif Muna
  4993 | D:7      | Found a flagged portal.
  5011 | D:7      | Gained mutation: You are vulnerable to heat. (rF-) [potion
                  | of mutation]
  5011 | D:7      | Gained mutation: You are agile. (Dex +4, Str/Int -1)
                  | [potion of mutation]
  5011 | D:7      | Gained mutation: You have an increased reservoir of magic.
                  | (+10% MP) [potion of mutation]
  5012 | D:7      | Lost mutation: You are agile. (Dex +4, Str/Int -1) [potion
                  | of mutation]
  5012 | D:7      | Lost mutation: You are vulnerable to heat. (rF-) [potion of
                  | mutation]
  5012 | D:7      | Lost mutation: You have an increased reservoir of magic.
                  | (+10% MP) [potion of mutation]
  5012 | D:7      | Gained mutation: Your mind is acute. (Int +4, Str/Dex -1)
                  | [potion of mutation]
  5012 | D:7      | Gained mutation: You expend magic power (3 MP) to
                  | strengthen your wands. [potion of mutation]
  5012 | D:7      | Gained mutation: You are partially covered in iridescent
                  | scales. (AC +2) [potion of mutation]
  5021 | Bailey   | Entered a bailey
  5093 | Bailey   | Reached skill level 6 in Conjurations
  5173 | Bailey   | Noticed a spriggan
  5181 | Bailey   | Killed a spriggan
  5196 | Bailey   | Reached skill level 5 in Dodging
  5196 | Bailey   | Reached skill level 5 in Alchemy
  5196 | Bailey   | Reached XP level 9. HP: 31/45 MP: 0/15
  5271 | Bailey   | Identified the +1 rapier "Potoje" {venom, rElec}
  5282 | Bailey   | Reached skill level 5 in Air Magic
  5491 | Bailey   | Noticed a two-headed ogre
  5520 | Bailey   | Killed a two-headed ogre
  5521 | Bailey   | Reached skill level 5 in Stealth
  5521 | Bailey   | Reached skill level 7 in Conjurations
  6607 | D:8      | Noticed Gastronok
  6607 | D:8      | You are sucked into a shaft and drop 3 floors!
  6614 | D:10     | Entered Level 10 of the Dungeon
  6631 | D:11     | Reached XP level 10. HP: 18/50 MP: 8/18
  6794 | D:10     | Reached ** piety under Sif Muna
  6795 | D:10     | Reached skill level 5 in Fire Magic
  6808 | D:10     | Noticed a two-headed ogre
  6936 | D:11     | Noticed a cyclops
  7002 | D:11     | Noticed a kobold demonologist
  7035 | D:11     | Gained mutation: You are weak. (Str -2) [a neqoxec]
  7078 | D:12     | Slain by a troll

Illustrated notes

Levels and vault maps discovered:
D:1:      co_arrival_hexagon_in_a_hexagon, layout_basic
D:2:      layout_rooms, basic_altar, mrwooster_statue_mirror, patterned_corridor
D:3:      layout_rooms, gup_sewer_entry_bowl
D:4:      layout_gridville, nicolae_wu_jian_wuxing_cycle, uniq_menkaure
D:5:      layout_cave_pools, minmay_overflow_temple_star_quad,
          minmay_temple_entry_steel_oval, nicolae_fountain_basement
D:6:      layout_loops_corners, mainiacjoe_overflow_alcove_4,
          nicolae_shop_national_dungeon_mall, kennysheep_generic_room_5,
          uniq_jeremiah
D:7:      layout_basic, enter_bailey_5
D:8:      nicolae_whirlpool, layout_gridville, nicolae_have_a_lightning_rod,
          uniq_gastronok, uniq_maurice, uniq_maggie
D:10:     layout_small_grid, nicolae_vehumet_radiance, dpeg_oklobed_lair
D:11:     layout_loops_ring
D:12:     layout_irregular_city, ebering_ghost_inner_flame
Temple:   lightli_temple_of_artemis

Skill      XL: |  1  2  3  4  5  6  7  8  9 10 |
---------------+-------------------------------+-----
Conjurations   | 2 3 4 5 6 7 |  7.8
Dodging        | 3 4 5 6 |  6.1
Air Magic      | 1 2 3 4 5 |  5.6
Alchemy        | 3 4 5 6 |  6.1
Short Blades   | 1 2 3 |  3.2
Stealth        | 3 4 5 |  5.5
Spellcasting   | 3 4 |  4.9
Fire Magic     | 3 4 5 |  5.0

Action                     |  1- 3 |  4- 6 |  7- 9 | 10-12 || total
---------------------------+-------+-------+-------+-------++-------
  Melee: Unarmed           |    22 |       |       |       ||    22
         Kick              |     7 |     4 |     5 |     4 ||    20
         Punch             |     1 |       |     1 |       ||     2
         Peck              |     7 |     2 |     2 |     2 ||    13
         Dagger            |    11 |    14 |    18 |       ||    43
         Rapier            |       |       |     8 |     4 ||    12
   Cast: Sting             |    65 |    93 |   171 |    16 ||   345
         Mephitic Cloud    |       |     1 |     4 |     2 ||     7
         Mercury Vapours   |       |       |     8 |     1 ||     9
         Sticky Flame      |       |       |     1 |     4 ||     5
    Use: Scroll            |       |     3 |     8 |     1 ||    12
         Potion            |       |       |     2 |       ||     2
   Stab: Sleeping          |     1 |       |       |       ||     1
         Confused          |       |     1 |       |       ||     1
         Distracted        |       |       |     1 |       ||     1
 Armour: Robe              |    32 |    14 |    40 |    11 ||    97
  Dodge: Dodged            |    65 |    21 |   118 |    34 ||   238
